 Dungeon Crawl Stone Soup version 0.32-a0-18-g89e19f1 (webtiles) character file.

Game seed: 5728175520127705007

170 PublicAnimeNo1 the Apothecary (level 5, -1/37 HPs)
             Began as a Demonspawn Alchemist on Jan 15, 2024.
             Slain by an orc
             ... wielding a +0 hand axe
              (6 damage)
             ... on level 3 of the Dungeon.
             The game lasted 00:06:14 (3197 turns).

PublicAnimeNo1 the Apothecary (DsAl)                Turns: 3197, Time: 00:06:14

Health: -1/37      AC:  4    Str:  5 (8)  XL:     5   Next: 25%
Magic:  8/8        EV: 12    Int: 16 (17) God:
Gold:   136        SH:  0    Dex: 12 (14) Spells: 5/9 levels left

rFire   . . .        e - +0 short sword
rCold   . . .        (no shield)
rNeg    . . .        j - +0 leather armour
rPois   .            (no helmet)
rElec   .            (no cloak)
rCorr   .            (no gloves)
SInv    .            b - +0 pair of boots
Will    .....        (no amulet)
Stlth   ++           (no ring)
HPRegen 0.26/turn    (no ring)
MPRegen 0.11/turn

%: no passive effects
@: hasted, very quick
A: ignite blood 1, powered by pain 1, sturdy frame 1
a: no special abilities


You were on level 3 of the Dungeon.
You visited 1 branch of the dungeon, and saw 4 of its levels.

You collected 136 gold pieces.

Inventory:

Hand Weapons
 e - a +0 short sword (weapon)
 m - the +5 sling "Enyepneb" {flame, *Corrode rN+++ Int+5}
   (You took it off a hobgoblin on level 2 of the Dungeon)

   Int+5:     It affects your intelligence (+5).
   rN+++:     It renders you almost immune to negative energy.
   *Corrode:  It may corrode you when you take damage.
 o - a +0 trident
Missiles
 g - 2 throwing nets
Armour
 a - a +0 robe
 b - a +0 pair of boots (worn)
 j - a +0 leather armour (worn)
Magical Staves
 d - a staff of death
Wands
 p - a wand of iceblast (12)
Scrolls
 f - a scroll of identify {unknown}
 h - a scroll of blinking {unknown}
 i - a scroll of vulnerability {unknown}
 k - a scroll of poison
 l - a scroll of teleportation {unknown}
 q - a scroll of silence {unknown}
Potions
 n - a potion of degeneration


   Skills:
 + Level 1.5 Fighting
 - Level 1.7 Dodging
 - Level 1.7 Stealth
 + Level 2.5 Spellcasting
 - Level 1.0 Conjurations
 + Level 5.3 Alchemy


You had 5 spell levels left.
You knew the following spells:

 Your Spells              Type           Power      Damage    Failure   Level
a - Sting                 Conj/Alch      48%        1d6       6%          1
b - Mephitic Cloud        Conj/Alch/Air  8%         N/A       26%         3

Your spell library contained the following spells:

 Spells                   Type           Power      Damage    Failure   Level
 Mercury Vapours          Alch/Air       20%        N/A       11%         2
 Kiss of Death            Conj/Necr      12%        2d6       19%         1
 Olgreb's Toxic Radiance  Alch           19%        N/A       24%         4
 Confusing Touch          Hex            2%         N/A       54%         3
 Sticky Flame             Fire/Alch      10%        2d5       58%         4
 Dispel Undead            Necr           2%         3d7       91%         4


Dungeon Overview and Level Annotations

Branches:
Dungeon (4/15)
 Temple: D:4-7

Altars:

Shops:
D:3 (   D:4 (


Innate Abilities, Weirdness & Mutations

Your demonic aura sometimes causes spilled blood to erupt in flames.
You sometimes gain a little power by taking damage.
Your movements are slightly less encumbered by armour. (ER -2)


Message History

You escape the ball python's grasp.
The iguana bites you but does no damage.
The orc hits you but does no damage. The orc hits you with a +0 mace.
The ball python misses you. The ball python grabs you.
You stop ascending the stairs.
The ball python constricts you.
The ball python's grasp on you weakens, but your attempt to escape fails.
The iguana bites you. The orc hits you but does no damage.
The ball python bites you. The ball python constricts you.
You escape the ball python's grasp.
The iguana bites you but does no damage.
The orc closely misses you. The orc hits you with a +0 mace.
The ball python bites you. The ball python grabs you.
You stop ascending the stairs.
The ball python constricts you.
You escape the ball python's grasp.
The iguana barely misses you. The orc barely misses you.
The orc hits you with a +0 mace. The orc closely misses you.
You climb upwards.
There is a stone staircase leading down here.
The orc attacks as it pursues you! The orc completely misses you.
The iguana bites you.
* * * LOW HITPOINT WARNING * * *
The ball python closely misses you. x2
Okay, then.
It was a potion of degeneration.
There was something very wrong with that liquid.
You feel weakened.
You feel dopey.
You feel clumsy. The orc completely misses you. The iguana bites you.
* * * LOW HITPOINT WARNING * * *
The ball python bites you but does no damage.
The ball python misses you.
It was a potion of haste.
You feel yourself speed up. The orc completely misses you.
The iguana barely misses you. The ball python misses you.
The ball python grabs you. The ball python constricts you.
You escape the ball python's grasp.
The iguana attacks as it pursues you! The iguana bites you.
* * * LOW HITPOINT WARNING * * *
The orc closely misses you. The orc attacks as it pursues you!
The orc hits you with a +0 hand axe.
You die...

#...# #.####......## #.####..
##...# #..........######.#####.
#...## ######...............##.
#.### #..##.#########.##. #.#
#####.....# #.....#.##. #.#
#......#### #.....#....
###.#######.####.######..≈.†'.###
..........#.##........#.....###
###.#####......#@##.###.....#
###...# ###.#..#o##.# #######
...##.# #.#..o.##.# .#.##.#
#....l.##.# .#.##.### ####>#o##.#
.#......# #.......# .#......#
#.##.##∩# .#......# ###.##.##.#
........# #......##.#


You could see an iguana and 3 orcs.

Vanquished Creatures
  Natasha (twice) (D:3)
  2 gnolls
  4 adders
  A ribbon worm (D:3)
  2 dart slugs (D:3)
  2 orcs
  7 ball pythons
  3 endoplasms
  4 goblins
  8 hobgoblins
  4 jackals (D:1)
  3 quokkas
  3 bats
  4 frilled lizards
  2 kobolds
  6 rats
57 creatures vanquished.

Notes
Turn   | Place    | Note
-------+----------+-------------------------------------------
     0 | D:1      | PublicAnimeNo1 the Demonspawn Alchemist began the quest for
                  | the Orb.
     0 | D:1      | Reached XP level 1. HP: 13/13 MP: 3/3
   269 | D:1      | Gained mutation: Your demonic aura sometimes causes spilled
                  | blood to erupt in flames. [demonic ancestry]
   269 | D:1      | Reached XP level 2. HP: 19/19 MP: 1/5
   354 | D:1      | Found a faded altar of an unknown god.
   611 | D:1      | Reached skill level 4 in Alchemy
   635 | D:1      | Gained mutation: Your movements are slightly less
                  | encumbered by armour. (ER -2) [demonic ancestry]
   635 | D:1      | Reached XP level 3. HP: 14/24 MP: 2/6
  1569 | D:2      | Gained mutation: You sometimes gain a little power by
                  | taking damage. [demonic ancestry]
  1569 | D:2      | Reached XP level 4. HP: 30/30 MP: 4/7
  1595 | D:2      | Identified the +5 sling "Enyepneb" {flame, *Corrode rN+++
                  | Int+5}
  1637 | D:2      | Reached skill level 5 in Alchemy
  2032 | D:3      | Learned a level 3 spell: Mephitic Cloud
  2249 | D:3      | Found Uceim's Antique Weapon Shoppe.
  2603 | D:3      | Noticed Natasha
  2614 | D:3      | Killed Natasha
  2615 | D:3      | Reached skill level 1 in Fighting
  2752 | D:3      | Noticed Natasha
  2770 | D:3      | Killed Natasha
  2771 | D:3      | Reached XP level 5. HP: 10/37 MP: 3/8
  3108 | D:4      | Found Kuuna's Weapon Boutique.
  3197 | D:3      | Slain by an orc

Illustrated notes

Levels and vault maps discovered:
D:1:      scummos_arrival_simple_crosswalls, layout_basic,
          dreamdust_ecumenical_altar_angels_and_demons
D:2:      layout_loops_ring
D:3:      minmay_wonky_spiral, layout_loops_cross, serial_shops, shop,
          kennysheep_generic_room_13, uniq_natasha
D:4:      layout_cave_pools, serial_shops, nicolae_shop_statue_plus,
          dk_vineyard_3, hex_medium, moated_statue

Skill      XL: |  1  2  3  4 |
---------------+-------------+-----
Alchemy        | 4 5 |  5.3
Fighting       | 1 |  1.5
Dodging        | |  1.7
Stealth        | |  1.7
Spellcasting   | |  2.5
Conjurations   | |  1.0

Action                     |  1- 3 |  4- 6 || total
---------------------------+-------+-------++-------
  Melee: Short sword       |    37 |    35 ||    72
   Cast: Sting             |    55 |    48 ||   103
    Use: Potion            |     1 |     2 ||     3
         Scroll            |       |     1 ||     1
   Stab: Sleeping          |       |     1 ||     1
 Armour: Robe              |    16 |       ||    16
         Leather armour    |     3 |    43 ||    46
  Dodge: Dodged            |    40 |    51 ||    91

Table legend: (Time is in decaauts)
 A = Elapsed time spent in this place.
 B = Non-inter-level travel time spent in this place.
 C = Inter-level travel time spent in this place.
 D = Time resting spent in this place.
 E = Time spent auto-exploring this place.
 F = Levels seen in this place.
 G = Mean time per level.
                   A        B        C        D        E       F      G
               +--------+--------+--------+--------+--------+-----+--------+
         Total |   3197 |   3067 |    130 |    368 |   2268 |   4 |  799.2 |
       Dungeon |   3197 |   3067 |    130 |    368 |   2268 |   4 |  799.2 |
               +--------+--------+--------+--------+--------+-----+--------+

Top non-repeatable levels by time:
     D:3: 1162 daAuts
     D:2: 1082 daAuts
     D:1: 940 daAuts
     D:4: 11 daAuts
